 Dungeon Crawl Stone Soup version 0.23.2-40-g277498a001 (webtiles) character file.

Game seed: 16186480357629467135

22 Descartes the Insei (level 2, 0/14 HPs)
             Began as a Vine Stalker Transmuter on Oct 2, 2019.
             Slain by an adder (2 damage)
             ... on level 2 of the Dungeon.
             The game lasted 00:01:42 (915 turns).

Descartes the Insei (Vine Stalker Transmuter)        Turns: 915, Time: 00:01:43

Health: 0/14       AC:  2    Str: 12    XL:     2   Next: 91%
Magic:  0/6        EV: 11    Int: 13    God:
Gold:   47         SH:  2    Dex: 14    Spells: 4/5 levels left

rFire    . . .     SeeInvis .     - Unarmed
rCold    . . .     Gourm    .   g - -1 buckler (curse)
rNeg     . . .     Faith    .   b - +0 robe
rPois    .         Spirit   +   (no helmet)
rElec    .         Reflect  .   (no cloak)
rCorr    .         Harm     .   (no gloves)
MR       .....                  (no boots)
Stlth    +.........             (no amulet)
HPRegen  0.04/turn              (no ring)
MPRegen  0.10/turn              (no ring)

@: no status effects
A: fangs 2, magic shield, antimagic bite, no potion heal 3, rot immunity
a: no special abilities


You were on level 2 of the Dungeon.
You were not hungry.

You visited 1 branch of the dungeon, and saw 2 of its levels.

You collected 47 gold pieces.

Inventory:

Missiles
 a - 40 arrows
Armour
 b - a +0 robe (worn)
 g - a cursed -1 buckler (worn)
Potions
 c - a potion of experience {unknown}
 e - a potion of degeneration {unknown}
 f - 2 potions of curing {unknown}
 h - 3 potions of agility {unknown}
Comestibles
 d - 4 rations
 i - 4 chunks of flesh


   Skills:
 + Level 1.2 Fighting
 + Level 0.6 Armour
 + Level 1.8 Dodging
 * Level 3.4 Unarmed Combat
 - Level 2.1 Spellcasting
 - Level 2.0 Transmutations


You had 4 spell levels left.
You knew the following spells:

 Your Spells              Type           Power        Failure   Level  Hunger
a - Beastly Appendage     Tmut           #.....       19%         1    ##.....

Your spell library contained the following spells:

 Spells                   Type           Power        Failure   Level  Hunger
 Sticks to Snakes         Tmut           #.......     28%         2    ###....
 Spider Form              Tmut/Pois      #.........   63%         3    ####...
 Ice Form                 Ice/Tmut       #.......     95%         4    #####..
 Blade Hands              Tmut           #.........   99%         5    ######.


Dungeon Overview and Level Annotations

Branches:
Dungeon (2/15)

Altars:
Makhleb


Innate Abilities, Weirdness & Mutations

You have extremely sharp teeth.
When hurt, damage is shared between your health and your magic reserves.
Your bite disrupts and absorbs the magic of your enemies.
Potions cannot restore your health.
You are immune to rotting.


Message History

You barely miss the kobold. Your bite misses the kobold.
The kobold is moderately wounded.
The kobold hits you. The adder bites you.
The kobold hits you with a +0 war axe!
* * * LOW HITPOINT WARNING * * *
You are too injured to fight recklessly!
You are too injured to fight recklessly!
You are too injured to fight recklessly!
The adder closely misses you. The kobold completely misses you.
The adder barely misses you. The kobold barely misses you.
The adder barely misses you. You block the kobold's attack.
You hit the kobold.
You kill the kobold!
You hit the adder.
The adder is moderately wounded.
The adder bites you.
* * * LOW HITPOINT WARNING * * *
The adder bites you.
You die...

*,,,,,,,,,,..,.).,,,,,,,
*,********##.#..#,*,****
*>,,,,,,,,,.....,,,,,*
*,**********...,,,#,,*
*,****#######.###.#,,*
*,,,,,............#..*
##############........*
#......###............*
#.####..@SK..().......*
#.# #####....(.......*
#.# ############.** #.#
*,,* #.# **,** #.#
****,,* ###'##########
*,,,,,, #............#
*,,,,,, #............#
*,,,,,,


You could see an adder and a kobold.

Vanquished Creatures
  An ooze (D:1)
  A leopard gecko (D:2)
  3 bats
  2 goblins (D:2)
  2 hobgoblins (D:1)
  2 jackals (D:1)
  A frilled lizard (D:2)
  2 kobolds
  3 rats
17 creatures vanquished.

Notes
Turn   | Place    | Note
-------+----------+-------------------------------------------
     0 | D:1      | Descartes the Vine Stalker Transmuter began the quest for
                  | the Orb.
     0 | D:1      | Reached XP level 1. HP: 9/9 MP: 4/4
   105 | D:1      | Reached skill level 1 in Fighting
   276 | D:1      | Reached XP level 2. HP: 14/14 MP: 6/6
   865 | D:2      | Found a burning altar of Makhleb.
   915 | D:2      | Slain by an adder

Skill      XL: |  1 |
---------------+----+-----
Fighting       | 1 |  1.2
Armour         | |  0.6
Dodging        | |  1.8
Unarmed Combat | |  3.4
Spellcasting   | |  2.1
Transmutations | |  2.0

Action                   || total
-------------------------++-------
Melee: Unarmed           ||    38
       Bite              ||     7
       Punch             ||     1
  Use: Scroll            ||     3
 Stab: Sleeping          ||     1
Armor: Robe              ||     2
Dodge: Dodged            ||    28
Block: Buckler           ||     5
